 Dungeon Crawl Stone Soup version 0.18.1-5-g4a78601 (webtiles) character file.

380 oplop the Changer (level 6, 0/41 HPs)
             Began as an Octopode Transmuter on May 9, 2016.
             Killed by divine providence
             ... invoked by an orc priest
              (14 damage)
             ... on level 4 of the Dungeon.
             The game lasted 00:05:49 (4257 turns).

oplop the Changer (Octopode Transmuter)             Turns: 4257, Time: 00:06:01

Health: 0/41       AC:  1    Str:  9    XL:     6   Next: 75%
Magic:  5/10       EV: 13    Int: 18    God:
Gold:   185        SH:  0    Dex: 12    Spells: 3 memorised, 4 levels left

rFire  . . .     SeeInvis .       - Unarmed
rCold  + . .     Gourm    .     (no shield)
rNeg   . . .     Faith    .     (helmet restricted)
rPois  .         Spirit   .     k - amulet of regeneration
rElec  .         Dismiss  .     i - ring of protection from cold
rCorr  .         Reflect  .     (no ring)
SustAt .         Harm     .     (no ring)
MR     .....                    (no ring)
Stlth  ++........               (no ring)
                                (no ring)
                                (no ring)
                                (no ring)

@: not resistant to hostile enchantments, unstealthy
A: almost no armour, amphibious, 8 rings, constrict 8, camouflage 1, gelatinous
body 1
a: no special abilities


You were on level 4 of the Dungeon.
You were hungry.

You visited 1 branch of the dungeon, and saw 4 of its levels.

You collected 185 gold pieces.

Inventory:

Missiles
 a - 40 arrows
Jewellery
 f - an uncursed ring of protection from fire {unknown}
 i - a ring of protection from cold (left tentacle)
 k - an amulet of regeneration (around mantle)
 u - an uncursed amulet of magic regeneration {unknown}
Wands
 g - a wand of lightning (3/15)
 o - a wand of confusion (21/48)
Scrolls
 e - a scroll of remove curse
 h - a scroll of teleportation
 n - a scroll of fog
 p - a scroll of identify
 q - a scroll of immolation {unknown}
 s - a scroll of enchant weapon {unknown}
 t - a scroll of noise {unknown}
Potions
 j - a potion of curing
 m - 2 potions of heal wounds {unknown}
 r - a potion of might {unknown}
 v - a potion of agility {unknown}
Books
 b - a book of Changes

   Spells                             Type                      Level
   a - Beastly Appendage              Transmutation                1
   b - Sticks to Snakes               Transmutation                2
   c - Spider Form                    Transmutation/Poison         3
   d - Ice Form                       Ice/Transmutation            4
   e - Blade Hands                    Transmutation                5
Comestibles
 c - a bread ration
 d - 2 meat rations
 l - a slice of pizza
 w - 6 chunks of flesh


   Skills:
 + Level 2.6 Fighting
 + Level 3.2 Dodging
 + Level 4.0 Unarmed Combat
 + Level 2.9 Spellcasting
 * Level 4.6 Transmutations


You had 4 spell levels left.
You knew the following spells:

 Your Spells              Type           Power        Failure   Level  Hunger
a - Beastly Appendage     Trmt           ###...       2%          1    None
b - Sticks to Snakes      Trmt           ###.....     4%          2    ##.....
c - Spider Form           Trmt/Pois      ##........   21%         3    ###....


Dungeon Overview and Level Annotations

Branches:
Dungeon (4/15)
 Temple: D:4-7

Altars:
The Shining One


Innate Abilities, Weirdness & Mutations

You cannot wear most types of armour.
You are amphibious.
You can wear up to eight rings at the same time.
You can use your tentacles to constrict eight enemies at once.
Your skin changes colour to match your surroundings (Stealth).
Your rubbery body absorbs attacks (AC +1).


Message History

You bite something! Something hits you.
* * * LOW HITPOINT WARNING * * *
The hound skeleton bites your adder.
Your adder bites the hound skeleton.
Something hits you.
* * * LOW HITPOINT WARNING * * *
Unknown command.
You barely miss something. The hound skeleton bites your adder.
Your adder bites the hound skeleton.
Something hits you.
* * * LOW HITPOINT WARNING * * *
The dart slug bites your adder. The hound skeleton misses your adder.
Unknown command.
Unknown command.
Drink which item? (? for menu, Esc to quit)
You feel better.
Your transformation has ended.
Your adder bites the dart slug.
Something hits you.
The hound skeleton closely misses your adder.
The orc priest mumbles some strange prayers to Beogh against you.
Beogh smites you!
You die...

.# . ##.# ......
.. #.. ..... ...
#.# ....# ....
##.# ...[# .....
#..# ....#
.....o####..#
....#
.....Z{@....##
....#
...##wS.###..####
<...# #..##
###...# ....#
#..# #..##
........ ##..#
#)## .......#
#... ##.#
.......# #..#
#..# ......##
#..#### #.##
(.....#
##.....###[#


You could see an orc priest, a dart slug, a hound skeleton and a friendly adder.

Vanquished Creatures
  2 hounds (D:4)
  3 orc wizards (D:4)
  An orc priest (D:4)
  An iguana (D:4)
  Terence (D:2)
  A gnoll (D:1)
  5 adders
  A worm (D:2)
  2 dart slugs (D:1)
  5 giant geckos
  6 orcs
  3 giant cockroaches
  5 goblins
  8 hobgoblins
  2 jackals (D:1)
  A quokka (D:3)
  3 ball pythons
  8 bats
  5 giant newts
  7 kobolds
  6 rats
76 creatures vanquished.

Vanquished Creatures (collateral kills)
  An orc wizard (D:3)
1 creature vanquished.

Grand Total: 77 creatures vanquished

Notes
Turn   | Place    | Note
--------------------------------------------------------------
     0 | D:1      | oplop the Octopode Transmuter began the quest for the Orb.
     0 | D:1      | Reached XP level 1. HP: 13/13 MP: 3/3
   101 | D:1      | Reached XP level 2. HP: 15/18 MP: 3/5
   938 | D:1      | Reached XP level 3. HP: 10/23 MP: 4/6
  1341 | D:1      | Learned a level 2 spell: Sticks to Snakes
  1345 | D:1      | Learned a level 3 spell: Spider Form
  1826 | D:2      | Noticed Terence
  2057 | D:2      | Reached XP level 4. HP: 26/29 MP: 5/7
  2742 | D:2      | Found a glowing golden altar of the Shining One.
  2817 | D:2      | Killed Terence
  2817 | D:2      | Reached XP level 5. HP: 34/34 MP: 4/8
  3245 | D:3      | Noticed an orc warrior
  4106 | D:4      | Reached XP level 6. HP: 40/40 MP: 1/9
  4257 | D:4      | Killed from afar by an orc priest

Skill      XL: |  1  2  3  4  5  6 |
---------------+-------------------+-----
Transmutations | 3 4 |  4.6
Fighting       | 2 |  2.6
Dodging        | 3 |  3.2
Unarmed Combat | 4 |  4.0
Spellcasting   | |  2.9

Action                   |  1- 3 |  4- 6 || total
-------------------------+-------+-------++-------
Melee: Unarmed           |    82 |   125 ||   207
       Constrict         |    20 |    21 ||    41
       Tentacles         |    12 |     8 ||    20
       Kick              |    15 |    19 ||    34
       Punch             |     1 |       ||     1
 Cast: Beastly Appendage |    20 |    13 ||    33
       Spider Form       |       |     8 ||     8
       Sticks to Snakes  |       |     6 ||     6
  Use: Scroll            |     6 |     2 ||     8
       Potion            |       |     1 ||     1
 Stab: Sleeping          |     5 |     3 ||     8
  Eat: Chunk             |     3 |     9 ||    12
Armor: Skin              |     5 |     6 ||    11
Dodge: Dodged            |    50 |    78 ||   128
